 Dungeon Crawl Stone Soup version 0.26-a0-1145-gf5f8a83 (webtiles) character file.

Game seed: 14063598801937744686

47772 Illumine the Covert (level 14, -1/70 HPs)
             Began as a Spriggan Enchanter on Nov 17, 2020.
             Was a High Priest of Dithmenos.
             Slain by a +4 long sword (9 damage)
             ... on level 13 of the Dungeon on Dec 21, 2020.
             The game lasted 00:50:08 (21752 turns).

Illumine the Covert (Spriggan Enchanter)           Turns: 21752, Time: 00:50:09

Health: -1/70      AC: 11    Str:  6    XL:     14   Next: 9%
Magic:  24/29      EV: 31    Int: 22    God:    Dithmenos [*****.]
Gold:   1218       SH:  9    Dex: 23    Spells: 18/33 levels left

rFire    . . .     SeeInvis +   e - +1 dagger (venom)
rCold    . . .     Faith    .   i - +0 buckler
rNeg     . . .     Spirit   .   D - +2 robe {Will+}
rPois    .         Reflect  .   G - +2 hat {Int+3}
rElec    .         Harm     .   x - +0 cloak
rCorr    .         Rampage  .   (gloves unavailable)
Will     +++..                  (boots unavailable) Stlth *+++++++++
                                (no amulet)
HPRegen  0.21/turn              R - +4 ring of protection
MPRegen  0.21/turn              b - +6 ring of dexterity

@: wreathed by umbra, very quick
A: very small, unfitting armour, see invisible, speed 3
a: Renounce Religion, Shadow Step, Shadow Form


You were on level 13 of the Dungeon.
You worshipped Dithmenos.
Dithmenos was extremely pleased with you.
You visited 3 branches of the dungeon, and saw 19 of its levels.
You also visited: Bailey.

You collected 1218 gold pieces.

Inventory:

Hand Weapons
 e - a +1 dagger of venom (weapon)
 y - a +0 fustibalus
 B - the +6 long sword of Indomitability {vorpal, +Fly rPois rF- Int+5}
   (You found it on level 6 of the Dungeon)

   It inflicts extra damage upon your enemies.
   It affects your intelligence (+5).
   It makes you vulnerable to fire.
   It protects you from poison.
   It lets you fly.
 C - a cursed -1 hunting sling
 O - a +1 vampiric dagger
Armour
 i - a +0 buckler (worn)
 x - a +0 cloak (worn)
 D - a +2 robe of willpower (worn)
 G - a +2 hat of intelligence (worn)
Magical Staves
 N - an uncursed staff of air
 Z - an uncursed staff of conjuration
Jewellery
 b - a +6 ring of dexterity (right hand)
 L - an uncursed ring of positive energy
 Q - an uncursed ring of flight
 R - a +4 ring of protection (left hand)
 S - an uncursed ring of protection from fire
 V - an uncursed ring of wizardry {unknown}
Wands
 a - a wand of paralysis (13) (quivered)
 p - a wand of disintegration (31)
 w - a wand of iceblast (20)
 J - a wand of flame (64)
 M - a wand of digging (13)
 T - a wand of random effects (10)
 W - a wand of enslavement (5)
Scrolls
 c - 6 scrolls of remove curse
 d - 2 scrolls of blinking {unknown}
 g - 9 scrolls of teleportation
 h - 3 scrolls of enchant weapon
 l - 3 scrolls of immolation {unknown}
 m - 3 scrolls of fear
 s - 2 scrolls of amnesia
 u - a scroll of enchant armour
 A - a scroll of silence {unknown}
 I - 4 scrolls of noise {unknown}
 K - a scroll of magic mapping {unknown}
 U - a scroll of fog {unknown}
 X - a scroll of random uselessness {unknown}
Potions
 f - a potion of ambrosia {unknown}
 j - 4 potions of heal wounds
 k - 2 potions of flight
 n - 9 potions of curing
 o - 2 potions of invisibility
 q - a potion of haste {unknown}
 r - 2 potions of cancellation {unknown}
 t - a potion of berserk rage {unknown}
 v - 2 potions of magic {unknown}
 z - 4 potions of lignification
 E - a potion of mutation {unknown}
 F - 2 potions of might {unknown}
 H - a potion of attraction {unknown}
 Y - a potion of brilliance {unknown}
Miscellaneous
 P - a condenser vane


   Skills:
 + Level 6.0 Fighting
 - Level 10.0 Short Blades
 + Level 11.9 Dodging
 + Level 14.3 Stealth
 - Level 7.2 Shields
 + Level 10.0 Spellcasting
 - Level 0.5 Conjurations
 + Level 10.5 Hexes
 + Level 4.8 Summonings
 - Level 2.0 Ice Magic
 + Level 5.1 Air Magic
 - Level 0.7 Poison Magic
 - Level 1.5 Invocations
 + Level 8.4 Evocations


You had 18 spell levels left.
You knew the following spells:

 Your Spells              Type           Power        Failure   Level
a - Mephitic Cloud        Conj/Pois/Air  20%          8%          3
b - Ensorcelled Hibernat  Hex/Ice        76%          1%          2
c - Confusing Touch       Hex            55%          1%          3
d - Tukima's Dance        Hex            55%          1%          3
e - Summon Lightning Spi  Summ/Air       32%          8%          4

Your spell library contained the following spells:

 Spells                   Type           Power        Failure   Level
 Corona                   Hex            61%          1%          1
 Summon Small Mammal      Summ           100%         1%          1
 Call Imp                 Summ           32%          1%          2
 Slow                     Hex            55%          1%          2
 Dazzling Flash           Conj/Hex       70%          1%          3
 Inner Flame              Hex/Fire       34%          1%          3
 Summon Guardian Golem    Hex/Summ       44%          1%          3
 Freeze                   Ice            76%          2%          1
 Poisonous Vapours        Pois/Air       46%          2%          2
 Call Canine Familiar     Summ           32%          2%          3
 Corpse Rot               Necr/Air       N/A          3%          2
 Magic Dart               Conj           52%          4%          1
 Foxfire                  Conj/Fire      48%          5%          1
 Animate Skeleton         Necr           22%          6%          1
 Pain                     Necr           44%          6%          1
 Fulminant Prism          Conj/Hex       17%          6%          4
 Searing Ray              Conj           26%          8%          2
 Frozen Ramparts          Ice            38%          8%          3
 Ozocubu's Armour         Ice            19%          8%          3
 Airstrike                Air            16%          8%          4
 Blink                    Tloc           N/A          9%          2
 Conjure Flame            Conj/Fire      12%          16%         3
 Summon Ice Beast         Ice/Summ       26%          16%         4
 Vampiric Draining        Necr           5%           19%         3
 Hailstorm                Conj/Ice       16%          34%         4
 Iskenderun's Mystic Bla  Conj/Tloc      12%          47%         4
 Sticky Flame             Conj/Fire      12%          47%         4
 Animate Dead             Necr           5%           52%         4
 Iskenderun's Battlesphe  Conj           13%          80%         5
 Bolt of Magma            Conj/Fire/Erth 5%           83%         5
 Fireball                 Conj/Fire      6%           83%         5
 Agony                    Necr           11%          86%         5
 Conjure Ball Lightning   Conj/Air       11%          96%         6
 Iron Shot                Conj/Erth      6%           100%        6
 Orb of Destruction       Conj           6%           100%        7
 Spellforged Servitor     Conj/Summ      11%          100%        7


Dungeon Overview and Level Annotations

Branches:
Dungeon (14/15)            Temple (0/1) D:7            Lair (4/6) D:9
  Swamp (0/4) Lair:3       Spider (0/4) Lair:3          Orc (1/2) D:11
 Bailey (visited)
 Vaults: D:13-14

Altars:
Ashenzari
Cheibriados
Dithmenos
Elyvilon
Fedhas
Gozag
Hepliaklqana
Okawaru
Qazlal
Trog
Uskayaw

Shops:
D:12 }

Annotations:
D:3 Grinder
D:4 1 runed translucent door, waywinkle's ghost, amateur NaWn
D:6 3 runed translucent doors, porkupine's ghost, novice HOMo
D:12 exclusion: obsidian statue
Lair:4 3 runed translucent doors, Neduy's ghost, journeyman MiBe


Innate Abilities, Weirdness & Mutations

You are very small and have problems with some larger weapons.
You are too small for most types of armour.
You have supernaturally acute eyesight. (SInv)
You cover ground extremely quickly.


Message History

The +4 long sword is moderately damaged.
Your shadow misses the +4 long sword. You miss the +4 long sword.
The +4 long sword is moderately damaged.
Your shadow hits the +4 long sword but does no damage.
The +4 long sword completely misses you.
You miss the +4 long sword.
The +4 long sword is moderately damaged.
The +4 long sword hits you.
You miss the +4 long sword.
The +4 long sword is moderately damaged.
Your shadow misses the +4 long sword. You miss the +4 long sword.
The +4 long sword is moderately damaged.
Your shadow barely misses the +4 long sword.
The +4 long sword hits you!!
* * * LOW HITPOINT WARNING * * *
There is a stone staircase leading up here.
The +4 long sword hits you!
You die...

....# ....# ....#
....# ....# ....#
....#
....##############
.......#...##..(@#
######.#.#.##.####
.......#(#.##.#
...#.###.#....#
.#.......######
.....#####
[.......#
.....##.###
......#...#


You could see a +4 long sword.

Vanquished Creatures
  Gastronok (D:8)
  6 hydras
  A boulder beetle (D:11)
  A centaur warrior (D:13)
  3 two-headed ogres
  Erica (D:8)
  Nergalle (D:10)
  2 bog bodies
  Pikel (D:4)
  3 unseen horrors
  An orc knight (Bailey)
  A lindwurm (Lair:4)
  A manticore (D:13)
  A cyclops (D:12)
  5 elephants
  2 black mambas
  Joseph (D:9)
  A gargoyle (D:12)
  3 centaur skeletons
  14 cane toads
  4 komodo dragons
  An efreet (D:14)
  A freezing wraith (D:14)
  5 jumping spiders (Lair:3)
  7 trolls
  Prince Ribbit (D:6)
  6 slime creatures (D:13)
  10 blink frogs
  2 redbacks (Lair:3)
  A wraith (D:13)
  6 wyverns
  A shadow (D:11)
  A human (shapeshifter) (D:13)
  42 yaks
  6 basilisks
  Menkaure (D:5)
  An acid dragon (D:12)
  9 water moccasins
  A soldier ant (D:11)
  Duvessa (D:5)
  7 orc warriors
  4 sky beasts
  3 necrophages
  3 ice beasts
  3 phantoms
  4 black bears
  6 ogres
  4 wolves (Lair:2)
  12 centaurs
  4 big kobolds
  Blork the orc (D:6)
  18 bullfrogs
  A wyvern zombie (D:10)
  A wyvern skeleton (D:12)
  4 scorpions
  A water moccasin zombie (D:9)
  Dowan (D:5)
  12 wights
  2 howler monkeys
  A vampire bat (D:11)
  A bullfrog zombie (D:13)
  2 quasits
  3 orc priests
  4 jellies
  3 bullfrog skeletons
  5 hounds
  An iron imp (D:8)
  Crazy Yiuf (D:5)
  6 iguanas
  8 worker ants
  6 orc wizards
  A hound zombie (D:11)
  2 hound skeletons
  A worker ant zombie (D:6)
  6 gnolls
  17 adders
  3 shadow imps
  4 white imps
  2 ufetubi
  An ooze (D:2)
  2 adder skeletons
  An adder zombie (D:8)
  A dart slug (D:1)
  7 leopard geckos
  42 orcs
  A ball python (D:5)
  4 giant cockroaches
  12 goblins
  10 hobgoblins
  6 jackals
  3 quokkas
  16 bats
  3 frilled lizards
  32 kobolds
  A leopard gecko skeleton (D:4)
  2 quokka skeletons
  6 rats
475 creatures vanquished.

Vanquished Creatures (collateral kills)
  A centaur warrior (D:13)
  An elephant (Lair:3)
  A slime creature (D:13)
  6 yaks
  An orc wizard (Orc:1)
  2 orcs (Orc:1)
  A kobold (D:14)
13 creatures vanquished.

Vanquished Creatures (others)
  21 fungi
  16 plants
37 creatures vanquished.

Grand Total: 525 creatures vanquished

Notes
Turn   | Place    | Note
-------+----------+-------------------------------------------
     0 | D:1      | Illumine the Spriggan Enchanter began the quest for the
                  | Orb.
     0 | D:1      | Reached XP level 1. HP: 9/9 MP: 5/5
   517 | D:1      | Reached XP level 2. HP: 9/13 MP: 2/6
   551 | D:1      | Learned a level 2 spell: Ensorcelled Hibernation
  1018 | D:1      | Upgraded the game from 0.26-a0-835-g8259106 to
                  | 0.26-a0-845-gfacbca9
  1018 | D:1      | Upgraded the game from 0.26-a0-845-gfacbca9 to
                  | 0.26-a0-846-gcc8f1ee
  1352 | D:2      | Reached skill level 5 in Stealth
  1352 | D:2      | Reached XP level 3. HP: 16/16 MP: 3/8
  1407 | D:2      | You fall into a shaft and drop 1 floor!
  1698 | D:2      | Reached XP level 4. HP: 15/21 MP: 6/9
  2195 | D:2      | Found a broken altar of Ashenzari.
  2660 | D:3      | Noticed Grinder
  2717 | D:3      | Reached XP level 5. HP: 24/24 MP: 1/10
  2724 | D:3      | Reached skill level 6 in Stealth
  3155 | D:4      | Noticed a lemure
  3155 | D:4      | Noticed a lemure
  3205 | D:3      | Learned a level 3 spell: Confusing Touch
  3209 | D:3      | Learned a level 3 spell: Tukima's Dance
  3211 | D:4      | Noticed Pikel
  3218 | D:4      | Noticed a lemure
  3220 | D:4      | Noticed a lemure
  3268 | D:4      | Killed Pikel
  3269 | D:4      | Reached skill level 8 in Stealth
  3269 | D:4      | Reached XP level 6. HP: 28/28 MP: 6/11
  3269 | D:4      | Reached XP level 7. HP: 32/32 MP: 6/12
  3544 | D:4      | Found a runed translucent door.
  3556 | D:4      | Noticed waywinkle's ghost (amateur NaWn)
  5171 | D:5      | Entered Level 5 of the Dungeon
  5201 | D:5      | Found a shadowy altar of Dithmenos.
  5204 | D:5      | Became a worshipper of Dithmenos the Shadowed
  5330 | D:5      | Reached XP level 8. HP: 36/36 MP: 14/14
  5361 | D:5      | Reached skill level 9 in Stealth
  5361 | D:5      | Reached skill level 5 in Hexes
  5429 | D:5      | Found a runed translucent door.
  5430 | D:5      | Noticed Crazy Yiuf
  5437 | D:5      | Killed Crazy Yiuf
  5533 | D:5      | Reached skill level 1 in Shields
  5780 | D:5      | Reached skill level 5 in Dodging
  5811 | D:5      | Noticed Menkaure
  5835 | D:5      | Killed Menkaure
  5924 | D:5      | Noticed Duvessa
  5924 | D:5      | Noticed Dowan
  5933 | D:5      | Killed Dowan
  6041 | D:5      | Killed Duvessa
  6049 | D:5      | Reached skill level 5 in Spellcasting
  6178 | D:5      | Reached * piety under Dithmenos
  6194 | D:5      | Reached XP level 9. HP: 39/39 MP: 17/17
  6505 | D:6      | Noticed Prince Ribbit
  6508 | D:6      | Killed Prince Ribbit
  6509 | D:6      | Reached skill level 10 in Stealth
  6520 | D:6      | Reached skill level 1 in Invocations
  6678 | D:6      | Got a warped long sword
  6754 | D:6      | Found a blossoming altar of Fedhas.
  6788 | D:6      | Reached skill level 1 in Fighting
  6892 | D:6      | Found a stormy altar of Qazlal.
  7266 | D:6      | Found a runed translucent gate.
  7266 | D:6      | Found a runed translucent gate.
  7266 | D:6      | Found a runed translucent gate.
  7266 | D:6      | Found an opulent altar of Gozag.
  7267 | D:6      | Identified the +6 long sword of Indomitability {vorpal,
                  | +Fly rPois rF- Int+5} (You found it on level 6 of the
                  | Dungeon)
  7269 | D:6      | Noticed porkupine's ghost (novice HOMo)
  7290 | D:6      | Noticed Blork the orc
  7293 | D:6      | Killed Blork the orc
  8351 | D:7      | Found a staircase to the Ecumenical Temple.
  8364 | D:7      | Reached ** piety under Dithmenos
  8523 | D:7      | Found a white marble altar of Elyvilon.
  8659 | D:8      | Noticed Gastronok
  8675 | D:8      | Killed Gastronok
  8676 | D:8      | Reached XP level 10. HP: 24/45 MP: 16/19
  8876 | D:8      | Found a hazy altar of Hepliaklqana.
  9087 | D:8      | Found a snail-covered altar of Cheibriados.
  9334 | D:8      | Noticed Erica
  9339 | D:8      | Killed Erica
  9878 | D:9      | Noticed a two-headed ogre
  9899 | D:9      | Killed a two-headed ogre
 10041 | D:9      | Found a bloodstained altar of Trog.
 10176 | D:9      | Reached skill level 11 in Stealth
 10223 | D:9      | Found a staircase to the Lair.
 10223 | D:9      | Noticed an elephant
 10250 | D:9      | Killed an elephant
 10303 | D:7      | Reached skill level 1 in Evocations
 10303 | D:7      | Reached XP level 11. HP: 37/51 MP: 1/21
 10599 | Lair:1   | Entered Level 1 of the Lair of Beasts
 11112 | D:9      | Noticed Joseph
 11120 | D:9      | Killed Joseph
 11226 | D:10     | Entered Level 10 of the Dungeon
 11336 | D:10     | Noticed a two-headed ogre
 11344 | D:10     | Killed a two-headed ogre
 11422 | D:10     | Reached *** piety under Dithmenos
 11501 | D:10     | Learned a level 4 spell: Summon Lightning Spire
 11589 | D:10     | Noticed Nergalle
 11595 | D:10     | Killed Nergalle
 11812 | D:11     | Noticed an unseen horror
 11819 | D:11     | Killed an unseen horror
 11834 | D:11     | Noticed a boulder beetle
 11841 | D:11     | Killed a boulder beetle
 11842 | D:11     | Reached skill level 1 in Summonings
 11842 | D:11     | Reached skill level 1 in Air Magic
 11870 | D:11     | Found a flagged portal.
 11884 | Bailey   | Entered a bailey
 11960 | Bailey   | Learned a level 3 spell: Mephitic Cloud
 11993 | Bailey   | Identified the +4 hunting sling of the Jester {vorpal, rF+}
 12237 | Bailey   | Reached skill level 12 in Stealth
 12348 | Bailey   | Noticed an orc knight
 12355 | Bailey   | Killed an orc knight
 12669 | D:11     | Found a staircase to the Orcish Mines.
 12691 | D:11     | Reached **** piety under Dithmenos
 13732 | Lair:1   | Reached XP level 12. HP: 57/57 MP: 21/24
 13763 | Lair:1   | Identified the Almanac of Supportive Flight
 13783 | Lair:1   | Found an iron altar of Okawaru.
 13886 | Lair:1   | Noticed a five-headed hydra
 13891 | Lair:1   | Killed a five-headed hydra
 14488 | Lair:1   | Reached skill level 5 in Evocations
 15046 | Lair:1   | Upgraded the game from 0.26-a0-846-gcc8f1ee to
                  | 0.26-a0-849-gf1512cd
 15176 | Lair:2   | Reached ***** piety under Dithmenos
 15240 | Lair:2   | Reached skill level 10 in Dodging
 15603 | Lair:2   | Reached skill level 10 in Short Blades
 15962 | Lair:2   | Noticed a four-headed hydra
 15985 | Lair:1   | Killed a four-headed hydra
 15986 | Lair:1   | Reached skill level 1 in Ice Magic
 16180 | Lair:2   | Reached skill level 13 in Stealth
 16626 | Lair:3   | Found a staircase to the Swamp.
 16662 | Lair:3   | Upgraded the game from 0.26-a0-849-gf1512cd to
                  | 0.26-a0-926-g43279f1
 16791 | Lair:3   | Found a hole to the Spider Nest.
 16924 | Lair:3   | Reached XP level 13. HP: 62/62 MP: 22/26
 17077 | Lair:3   | Reached skill level 5 in Fighting
 18730 | Lair:4   | Reached skill level 10 in Hexes
 18823 | Lair:4   | Found a runed translucent gate.
 18825 | Lair:4   | Found a runed translucent gate.
 18826 | Lair:4   | Noticed Neduy's ghost (journeyman MiBe)
 19007 | Lair:4   | Found a runed translucent gate.
 19180 | Orc:1    | Entered Level 1 of the Orcish Mines
 19211 | Orc:1    | Noticed an ettin
 19282 | D:12     | Found Xemyff's Gadget Boutique.
 19688 | D:12     | You fall into a shaft and drop 1 floor!
 19887 | D:12     | Reached skill level 14 in Stealth
 20470 | D:13     | Reached ****** piety under Dithmenos
 20729 | D:13     | Found a hide-covered altar of Uskayaw.
 20922 | D:13     | Upgraded the game from 0.26-a0-926-g43279f1 to
                  | 0.26-a0-1013-gf6ffb0d
 21045 | D:13     | Reached XP level 14. HP: 58/68 MP: 6/28
 21048 | D:13     | Reached skill level 5 in Air Magic
 21335 | D:13     | Reached skill level 10 in Spellcasting
 21399 | D:13     | Upgraded the game from 0.26-a0-1013-gf6ffb0d to
                  | 0.26-a0-1145-gf5f8a83
 21694 | D:14     | HP: 1/70 [+4 long sword (12)]
 21752 | D:13     | Slain by a +4 long sword

Illustrated notes

Levels and vault maps discovered:
D:1:      minmay_arrival_widening_spiral_wide, layout_basic, minivault_4
D:2:      layout_rooms, nicolae_ashenzari_panopticon
D:3:      layout_basic, uniq_grinder
D:4:      layout_layer_cave, ebering_ghost_sewer_d, uniq_pikel
D:5:      layout_loops_corners, kennysheep_mini_moat, uniq_duvessa,
          uniq_menkaure, uniq_crazy_yiuf_cottage
D:6:      layout_layer_cave, grunt_temple_overflow_forces_of_nature,
          ebering_ghost_gozag, uniq_prince_ribbit1, uniq_blork_the_orc
D:7:      layout_rooms, elyvilon_altar_3, minmay_temple_entry_overgrown
D:8:      layout_loops_ring, old_standard_altar, slow_altar_1,
          minmay_misc_feat_more_columns, uniq_erica, uniq_gastronok
D:9:      layout_rooms, overflow_temple_1_default, david_lair_generic,
          kennysheep_generic_room_2, uniq_joseph
D:10:     layout_rooms, uniq_nergalle
D:11:     kennysheep_blocky_hall, layout_loops_ring, david_orc_2,
          enter_bailey_2, roderic_batcave
D:12:     layout_basic, serial_shops, shop_statue, minivault_15
D:13:     layout_basic, basic_altar, lightli_corner_chamber
D:14:     layout_rooms, erik_vaults_1, chequers_serial_rivers_large_a,
          nicolae_island_escapes
Lair:1:   layout_concentric_octagons, basic_altar, minivault_11,
          beast_lair_carwin_5
Lair:2:   layout_cave_pods, chequers_serial_rivers_micro_b, fungi_pond_lemuel
Lair:3:   layout_roguey, skrybe_swamp_entry_bodies,
          nicolae_spider_entry_tight_spaces, grunt_megastairs_1
Lair:4:   onia_ninara_swampy_vault, layout_gridlike, gammafunk_ghost_split,
          gammafunk_lair_bear_cave, infiniplex_staircase_pool_2
Orc:1:    layout_diamond_mine

Skill      XL: |  1  2  3  4  5  6  7  8  9 10 11 12 13 14 |
---------------+-------------------------------------------+-----
Spellcasting   | 3 5 6 7 8 9 10 | 10.0
Short Blades   | 2 3 4 7 8 9 10 | 10.0
Hexes          | 4 6 7 8 9 10 | 10.5
Stealth        | 5 8 9 10 11 12 13 14 | 14.3
Dodging        | 5 7 8 9 10 11 | 11.9
Shields        | 2 6 7 |  7.2
Invocations    | 1 |  1.5
Fighting       | 1 2 3 4 5 6 |  6.0
Evocations     | 1 4 6 8 |  8.4
Summonings     | 1 3 4 |  4.8
Air Magic      | 1 3 4 5 |  5.1
Ice Magic      | 1 2 |  2.0
Conjurations   | |  0.5
Poison Magic   | |  0.7

Action                   |  1- 3 |  4- 6 |  7- 9 | 10-12 | 13-15 || total
-------------------------+-------+-------+-------+-------+-------++-------
Melee: Dagger            |    79 |    39 |   266 |   650 |   327 ||  1361
 Cast: Corona            |     6 |       |       |       |       ||     6
       Ensorcelled Hiber |    16 |    22 |    54 |   142 |   110 ||   344
       Confusing Touch   |       |     1 |    10 |    16 |    18 ||    45
       Mephitic Cloud    |       |       |       |     8 |       ||     8
       Summon Lightning  |       |       |       |       |    15 ||    15
Invok: Shadow Step       |       |       |       |     2 |     2 ||     4
  Use: Scroll            |       |       |     4 |     8 |     2 ||    14
       Potion            |       |       |       |     1 |     1 ||     2
 Stab: Sleeping          |    20 |    21 |    56 |   119 |    88 ||   304
       Confused          |       |     1 |     9 |    16 |    17 ||    43
       Distracted        |       |       |     1 |     2 |     8 ||    11
Armor: Robe              |     6 |     2 |     8 |    25 |    22 ||    63
Dodge: Dodged            |    45 |    31 |   143 |   387 |   200 ||   806
Block: Buckler           |       |       |       |   191 |    94 ||   285

Table legend: (Time is in decaauts)
 A = Elapsed time spent in this place.
 B = Non-inter-level travel time spent in this place.
 C = Inter-level travel time spent in this place.
 D = Time resting spent in this place.
 E = Time spent auto-exploring this place.
 F = Levels seen in this place.
 G = Mean time per level.
                   A        B        C        D        E       F      G
               +--------+--------+--------+--------+--------+-----+--------+
         Total |  16445 |  15904 |    541 |   6149 |   6270 |  20 |  822.2 |
       Dungeon |  11723 |  11303 |    420 |   4069 |   4834 |  14 |  837.4 |
          Lair |   4275 |   4154 |    121 |   1943 |   1391 |   4 | 1068.8 |
  Orcish Mines |     22 |     22 |      0 |      0 |      0 |   1 |   22.0 |
        Bailey |    424 |    424 |      0 |    137 |     44 |   1 |  424.0 |
               +--------+--------+--------+--------+--------+-----+--------+

Top non-repeatable levels by time:
  Lair:3: 1442 daAuts
     D:4: 1334 daAuts
  Lair:2: 1246 daAuts
  Lair:1: 1243 daAuts
    D:13: 1196 daAuts
     D:1: 1151 daAuts
    D:11: 1079 daAuts
     D:6: 1078 daAuts
     D:9: 980 daAuts
     D:8: 931 daAuts
     D:2: 867 daAuts
     D:5: 777 daAuts
     D:3: 700 daAuts
     D:7: 681 daAuts
    D:12: 461 daAuts
